AoeStats
← AiM | CyclopsTron

MegaRandom

508815146Analyzed
4v4 RM · 6d ago on Sep 24, 2026· 26m 40s· 8 players
Game mode
Random Map
Map size
Large (8 player)
Population
200
Speed
Normal
Resources
Standard
Victory
Conquest
Starting age
Dark Age
Ending age
Imperial Age
RankedLock teamsTeams togetherTeam positionsShared explorationLock speedFull tech treeHidden civsTurbo modeCheats
Victory
Defeat
🇲🇽 Varangians · Mexico
1683
+9
🇦🇷 Berbers · Argentina
1582
+12
🇲🇽 Britons · Mexico
1546
+14
🇲🇽 Maya · Mexico
1476
+17
🇲🇽 Danes · Mexico
1541
-14
🇺🇸 Persians · United States
1530
-14
🇧🇷 Mongols · Brazil
1469
-12
🇦🇷 Varangians · Argentina
1468
-12
eloysuarez93
8:13 Loom
11:35 Feudal Age
12:23 Double-Bit Axe
12:19 Horse Collar
27:25 Castle Age
25:37 Fletching
26:08 Gold Mining
Perseu
5:04 Loom
10:27 Feudal Age
15:23 Castle Age
16:31 Scale Barding Armor
DGHIR | Miloss
7:21 Loom
9:56 Feudal Age
10:49 Double-Bit Axe
13:03 Town Watch
17:46 Wheelbarrow
17:50 Scale Barding Armor
18:27 Bloodlines
22:25 Castle Age
20:26 Horse Collar
21:20 Gold Mining
23:12 Forging
23:32 Husbandry
22:53 Light Cavalry
24:47 Bow Saw
PaLikaRi
9:58 Feudal Age
10:29 Double-Bit Axe
11:16 Loom
14:52 Scale Barding Armor
15:03 Horse Collar
15:53 Forging
19:24 Bloodlines
21:32 Wheelbarrow
24:31 Castle Age
24:21 Light Cavalry
25:27 Husbandry
AiM | Fubuki Sinri
6:14 Loom
9:04 Feudal Age
11:39 Fletching
13:53 Double-Bit Axe
23:14 Castle Age
21:44 Gold Mining
22:28 Padded Archer Armor
22:15 Horse Collar
23:22 Crossbowman
23:57 Bodkin Arrow
25:29 Ballistics
27:25 Leather Archer Armor
AiM | CaballeroTemplario
0:33 Loom
9:51 Feudal Age
11:59 Double-Bit Axe
14:38 Fletching
15:27 Padded Archer Armor
17:07 Horse Collar
23:02 Castle Age
21:25 Gold Mining
23:09 Crossbowman
23:54 Thumb Ring
26:12 Bow Saw
AiM | CyclopsTron
3:14 Loom
6:43 Loom
9:45 Feudal Age
10:21 Double-Bit Axe
15:12 Bloodlines
16:21 Forging
17:10 Scale Barding Armor
16:52 Horse Collar
18:52 Wheelbarrow
18:28 Town Watch
23:15 Castle Age
21:40 Gold Mining
24:22 Chain Barding Armor
23:23 Light Cavalry
24:16 Husbandry
24:58 Bow Saw
25:08 Light Cavalry
AIM | Agua cate 98
7:02 Loom
9:31 Feudal Age
12:35 Double-Bit Axe
15:36 Forging
16:17 Wheelbarrow
16:23 Horse Collar
18:36 Scale Barding Armor
18:50 Bloodlines
23:17 Castle Age
22:46 Gold Mining
24:31 Chain Barding Armor
24:58 Husbandry
Connection lost

Rejoining the realm…

Still unreachable

The connection could not be restored.

Session expired

The server has moved on; the page needs a fresh start.